 Dungeon Crawl Stone Soup version 0.28.0-45-g0d030f2227 (console) character file.

Game seed: 3310842202308475204

42281 Faeu the Protected (level 13, -2/110 HPs)
             Began as a Minotaur Fighter on Apr 19, 2022.
             Was a High Priest of Hepliaklqana.
             Slain by a seven-headed hydra (3 damage)
             ... while petrified by a basilisk
             ... on level 6 of the Lair of Beasts.
             The game lasted 01:34:39 (16522 turns).

Faeu the Protected (Minotaur Fighter)              Turns: 16522, Time: 01:34:40

Health: -2/110     AC: 24    Str: 26    XL:     13   Next: 84%
Magic:  12/12      EV:  2    Int:  5    God:    Hepliaklqana [*****.]
Gold:   1107       SH:  0    Dex: 10    Spells: 12/12 levels left

rFire   . . .      SeeInvis .   a - +0 long sword (flame) {long}
rCold   . . .      Faith    .   J - +0 kite shield
rNeg    + + +      Spirit   .   K - +0 plate armour
rPois   ∞          Reflect  .   (helmet restricted)
rElec   .          Harm     .   j - +0 cloak {rCorr}
rCorr   +          Rampage  .   A - +2 pair of gloves
Will    .....                   o - +1 pair of boots
Stlth   ..........              V - amulet of regeneration {@e2}
HPRegen 1.08/turn               l - ring of flight
MPRegen 0.13/turn               (no ring)

@: petrified, flying, hasted
A: reduced essence, horns 2, retaliatory headbutt
a: Renounce Religion, Recall Ancestor, Ancestor Identity, Transference, Idealise


You were on level 6 of the Lair of Beasts.
You worshipped Hepliaklqana.
Hepliaklqana was extremely pleased with you.
You visited 4 branches of the dungeon, and saw 19 of its levels.
You also visited: Bailey.

You collected 1107 gold pieces.


Innate Abilities, Weirdness & Mutations

Your life essence is reduced to manifest your ancestor. (-10% HP)
You have a pair of horns on your head.
You reflexively headbutt those who attack you in melee.


   Skills:
 + Level 13.9 Fighting
 + Level 13.7 Long Blades
 + Level 13.9 Armour
 - Level 10.1 Dodging
 + Level 13.9 Shields


You had 12 spell levels left.
You didn't know any spells.
Your spell library contained the following spells:

 Spells                   Type           Power      Damage    Failure   Level
 Animate Skeleton         Necr           0%         N/A       100%        1
 Apportation              Tloc           0%         N/A       100%        1
 Slow                     Hex            0%         N/A       100%        1
 Sting                    Tmut/Pois      0%         1d3       100%        1
 Summon Small Mammal      Summ           0%         N/A       100%        1
 Blink                    Tloc           0%         N/A       100%        2
 Poisonous Vapours        Pois/Air       0%         N/A       100%        2
 Scorch                   Fire           0%         2d5       100%        2
 Static Discharge         Conj/Air       0%         N/A       100%        2
 Confusing Touch          Hex            0%         N/A       100%        3
 Lesser Beckoning         Tloc           0%         N/A       100%        3
 Vampiric Draining        Necr           0%         2d6       100%        3
 Animate Armour           Summ/Erth      0%         N/A       100%        4
 Flame Wave               Conj/Fire      0%         2d4       100%        4
 Olgreb's Toxic Radiance  Pois           0%         N/A       100%        4
 Blade Hands              Tmut           0%         N/A       100%        5
 Lightning Bolt           Conj/Air       0%         1d11      100%        5
 Manifold Assault         Tloc           0%         N/A       100%        5
 Yara's Violent Unravell  Hex/Tmut       0%         3d3       100%        5
 Iron Shot                Conj/Erth      0%         9d1       100%        6
 Summon Cactus Giant      Summ           0%         N/A       100%        6
 Enfeeble                 Hex            0%         N/A       100%        7
 Borgnjor's Revivificati  Necr           0%         N/A       100%        8
 Maxwell's Capacitive Co  Air            0%         ∞         100%        8
 Necromutation            Tmut/Necr      0%         N/A       100%        8
 Death's Door             Necr           0%         N/A       100%        9

Inventory:

Hand Weapons
 a - a +0 long sword of flaming (weapon) {long}
 f - a +0 great sword {long}
   (You found it on level 3 of the Lair of Beasts)
 w - a +0 falchion of holy wrath {long}
   (You took it off an orc on level 3 of the Dungeon)
 y - a +3 trident of freezing {polearm}
   (You took it off a gnoll sergeant on level 4 of the Dungeon)
Missiles
 q - 4 javelins {throwing}
 u - 20 boomerangs (quivered) {throwing}
 W - 11 poisoned darts {throwing}
Armour
 j - a +0 cloak of preservation (worn)
   (You found it on level 4 of the Lair of Beasts)
 o - a +1 pair of boots (worn)
   (You found it on level 2 of the Dungeon)
 t - a +0 chain mail of willpower
   (You found it on level 3 of the Dungeon)
 A - a +2 pair of gloves (worn)
   (You found it on level 5 of the Dungeon)
 E - a +0 cloak
   (You found it on level 5 of the Dungeon)
 J - a +0 kite shield (worn)
   (You found it on level 3 of the Lair of Beasts)
 K - a +0 plate armour (worn)
   (You took it off an orc warrior on level 7 of the Dungeon)
 T - a +3 leather armour of fire resistance
   (You took it off Joseph on level 8 of the Dungeon)
 Z - the +0 scale mail of Duej Ess {rN+ rCorr}
   (You found it in a bailey)

   rN:        It protects you from negative energy.
   rCorr:     It protects you from acid and corrosion.
Jewellery
 l - a ring of flight (left hand)
   (You found it on level 10 of the Dungeon)
 V - an amulet of regeneration (around neck) {@e2}
   (You found it on level 9 of the Dungeon)
Wands
 v - a wand of paralysis (11)
   (You found it on level 3 of the Dungeon)
 Q - a wand of digging (9)
   (You found it on level 7 of the Dungeon)
 S - a wand of flame (43)
   (You found it on level 8 of the Dungeon)
 U - a wand of iceblast (1)
   (You took it off Joseph on level 8 of the Dungeon)
Scrolls
 h - 3 scrolls of immolation {!r!r}
 p - a scroll of torment {unknown}
 r - 2 scrolls of noise {!r}
 z - 2 scrolls of summoning
 D - 5 scrolls of teleportation {@r4}
 N - a scroll of silence {unknown}
 O - 3 scrolls of magic mapping {!r}
 P - 3 scrolls of holy word
 R - 4 scrolls of blinking {!r}
 X - 2 scrolls of enchant armour {unknown}
Potions
 b - 5 potions of haste {@q3}
 d - 2 potions of might
 e - 2 potions of lignification {unknown}
 g - 4 potions of curing {@q1}
 i - 8 potions of heal wounds {@q2}
 m - 2 potions of experience {unknown}
 n - 2 potions of mutation {unknown}
 s - 3 potions of ambrosia
 x - a potion of resistance {unknown}
 C - a potion of magic {unknown}
 G - 2 potions of brilliance {unknown}
 H - 3 potions of degeneration {unknown}
 L - 2 potions of flight {unknown}
 M - 2 potions of berserk rage {unknown}
Miscellaneous
 B - a condenser vane
   (You found it on level 1 of the Lair of Beasts)
 I - a phantom mirror
   (You found it on level 2 of the Lair of Beasts)
 Y - a lightning rod (4/4)
   (You found it in a bailey)

Dungeon Overview and Level Annotations

Branches:
Dungeon (11/15)            Temple (1/1) D:5            Lair (6/6) D:10
  Swamp (1/4) Lair:4       Spider (0/4) Lair:4       Bailey (visited)
  Slime: Lair:5-6       Orc: D:9-12

Altars:
Ashenzari
Cheibriados
Elyvilon
Fedhas
Gozag
Hepliaklqana
Kikubaaqudgha
Makhleb
Nemelex Xobeh
Okawaru
Qazlal
Ru
Sif Muna
Trog
Uskayaw
Vehumet
Wu Jian
Xom
Yredelemnul
Zin
The Shining One

Shops:
D:4 (   D:6 *

Annotations:
D:11 Nergalle, Sonja
Lair:3 Snorg
Lair:5 3 runed translucent doors, Bolunijamo's ghost, journeyman GnFi
Lair:6 exclusion: oklob plant

♣♣♣...♣♣♣♣†♣..♣ ♣♣.......♣.!.♣
..♣♣♣♣♣♣..†.♣♣ ♣♣♣ ♣♣..♣♣ ♣ ♣♣.♣
♣♣.♣ ♣♣.♣♣ ♣♣♣♣♣♣ ♣ ♣♣♣♣..♣♣♣♣♣♣♣
♣....♣♣♣♣♣ ♣♣.. ♣♣
♣♣........♣♣.♣♣♣....♣♣..♣♣....
.♣♣♣...........F.§...............
..<.........F..§@####..F§........
..÷#.:.....#...lhDl####FF........
..........#.#...FF..##.#F......#
..#......#.##..F......#.l.......#
...#.....÷###.#.F..§F............
.≈.#......####..F................
≈≈.........#.....................
≈≈≈≈.....#.......................
≈≈≈≈≈..............§.............
≈≈≈≈.............................
≈≈≈≈†.†......................


You could see a seven-headed hydra, a polar bear, a komodo dragon, a basilisk
and 8 blink frogs.


Message History

You are slowing down. 😮 HP[+1]
You barely miss the blink frog. You headbutt the blink frog!
The blink frog hits you but does no damage.
The blink frog blinks!
You block the blink frog's attack. x2
Your limbs are stiffening. 😮 HP[+1]
You feel yourself speed up. You block the blink frog's attack.
The blink frog hits you but does no damage.
The blink frog hits you. You block the blink frog's attack.
You have turned to stone.
The blink frog hits you but does no damage. x3
The blink frog blinks!
The blink frog hits you but does no damage.
The basilisk hisses menacingly.
The basilisk bites you but does no damage.
The blink frog completely misses you.
The blink frog blinks! x3
The blink frog hits you but does no damage.
The blink frog blinks!
The basilisk bites you.
The seven-headed hydra bites you but does no damage. x7
The blink frog blinks!
The blink frog hits you but does no damage.
The blink frog hits you.
The basilisk bites you but does no damage.
The seven-headed hydra bites you but does no damage. x3
The seven-headed hydra bites you.
* * * LOW HITPOINT WARNING * * *
The seven-headed hydra bites you but does no damage. x2
The seven-headed hydra bites you.
* * * LOW HITPOINT WARNING * * *
The blink frog hits you!
* * * LOW HITPOINT WARNING * * *
The blink frog blinks! x2; The blink frog hits you.
* * * LOW HITPOINT WARNING * * *
The blink frog blinks!
The blink frog hits you but does no damage.
The basilisk bites you. The seven-headed hydra bites you.
* * * LOW HITPOINT WARNING * * *
The seven-headed hydra bites you but does no damage. x4
The seven-headed hydra bites you.
* * * LOW HITPOINT WARNING * * *
The seven-headed hydra bites you but does no damage.
The blink frog hits you.
* * * LOW HITPOINT WARNING * * *
The blink frog blinks!
The blink frog hits you but does no damage.
The blink frog blinks!
The basilisk gazes at you.
You easily resist.
The seven-headed hydra bites you but does no damage. x2
The seven-headed hydra bites you.
* * * LOW HITPOINT WARNING * * *
The seven-headed hydra bites you!
* * * LOW HITPOINT WARNING * * *
The seven-headed hydra bites you but does no damage. x3
The blink frog hits you.
* * * LOW HITPOINT WARNING * * *
The blink frog hits you but does no damage.
The blink frog blinks!
The blink frog hits you.
* * * LOW HITPOINT WARNING * * *
The polar bear bites you.
* * * LOW HITPOINT WARNING * * *
The polar bear claws you.
The polar bear claws you but does no damage.
The basilisk bites you!
* * * LOW HITPOINT WARNING * * *
The blink frog hits you but does no damage.
The blink frog blinks!
The seven-headed hydra bites you but does no damage. x4
The seven-headed hydra bites you.
* * * LOW HITPOINT WARNING * * *
The seven-headed hydra bites you but does no damage. x2
The blink frog blinks!
The blink frog hits you!
* * * LOW HITPOINT WARNING * * *
The blink frog hits you but does no damage.
The polar bear bites you.
* * * LOW HITPOINT WARNING * * *
The polar bear claws you but does no damage. x2
The basilisk bites you but does no damage.
The seven-headed hydra barely misses you.
The seven-headed hydra bites you but does no damage.
The seven-headed hydra bites you!
* * * LOW HITPOINT WARNING * * *
The seven-headed hydra bites you but does no damage. x2
The seven-headed hydra bites you!
* * * LOW HITPOINT WARNING * * *
The seven-headed hydra bites you but does no damage.
The blink frog hits you but does no damage.
The blink frog hits you!
* * * LOW HITPOINT WARNING * * *
The blink frog blinks!
The polar bear bites you but does no damage.
The polar bear claws you but does no damage. x2
The blink frog hits you but does no damage.
The seven-headed hydra bites you.
The seven-headed hydra bites you but does no damage. x2
The seven-headed hydra bites you!
* * * LOW HITPOINT WARNING * * *
The seven-headed hydra bites you.
You die...

Skill      XL: |  1  2  3  4  5  6  7  8  9 10 11 12 13 |
---------------+----------------------------------------+-----
Dodging        | 1 2 3 4 5 6 8 9 10 | 10.1
Armour         | 4 5 6 7 8 9 11 12 13 | 13.9
Fighting       | 4 5 6 7 8 9 11 12 13 | 13.9
Long Blades    | 3 4 5 6 8 9 10 12 13 | 13.7
Shields        | 4 5 6 7 8 9 11 12 13 | 13.9

Action                   |  1- 3 |  4- 6 |  7- 9 | 10-12 | 13-15 || total
-------------------------+-------+-------+-------+-------+-------++-------
Melee: Long sword        |    43 |    15 |   308 |   616 |   317 ||  1299
       Headbutt          |    13 |    18 |    48 |   140 |    73 ||   292
       Dagger            |    63 |    71 |       |       |       ||   134
Throw: Boomerang         |       |     3 |    14 |    28 |    22 ||    67
       Dart              |       |       |       |     5 |       ||     5
       Javelin           |       |       |       |     2 |       ||     2
Invok: Ancestor Life: He |       |       |     1 |       |       ||     1
Evoke: Wand              |       |       |       |     3 |       ||     3
  Use: Potion            |       |       |       |     3 |     1 ||     4
       Scroll            |       |       |       |     7 |     3 ||    10
 Stab: Confused          |       |       |       |     9 |       ||     9
       Distracted        |       |       |       |     3 |     5 ||     8
Armor: Scale mail        |    50 |    16 |       |     3 |       ||    69
       Chain mail        |       |    19 |   153 |       |       ||   172
       Plate armour      |       |       |    28 |   355 |   205 ||   588
       Leather armour    |       |       |       |     2 |       ||     2
Dodge: Dodged            |    51 |    38 |   106 |   261 |   107 ||   563
Block: Buckler           |    23 |    18 |    73 |   139 |       ||   253
       Kite shield       |       |       |       |    60 |   195 ||   255

Levels and vault maps discovered:
D:1:      tarquinn_simple_flora_water_c, layout_loops_ring,
          shapermc_ecumenical_altar_mp_ritualfount, hangedman_decor_slide_cut,
          serial_bayou_lagoon_a, ebering_dispersal_statue_hall,
          minmay_worlds_worst_comb
D:2:      layout_basic, minmay_tripent
D:3:      layout_loops_ring, uniq_grinder, uniq_natasha
D:4:      layout_loops_corners, serial_shops, shop, lightli_minifort
D:5:      layout_cave_pools, jmf_multi_god_temple, kennysheep_mini,
          minmay_temple_entry_slanted
D:6:      layout_basic, lightli_temple_of_fire, nicolae_shop_overcharged_wands
D:7:      layout_layer_cave, dk_noncrumbling_4, uniq_duvessa
D:8:      layout_basic, uniq_joseph
D:9:      lemuel_slime, layout_stronghold, mainiacjoe_overflow_big_doors
D:10:     layout_loops_ring, minmay_overflow_temple_star_quad,
          due_lair_maze_entry_diamond, enter_bailey_2
D:11:     layout_cave_pools, uniq_sonja, uniq_nergalle, uniq_fannar, uniq_harold
Temple:   dshaligram_water_room_temple
Lair:1:   layout_regular_city, basic_altar, serial_bayou_shore_a
Lair:2:   layout_cave_pods
Lair:3:   layout_big_grid, columned_hall_lemuel, uniq_snorg
Lair:4:   layout_gridlike, palyth_hydra_swamp_entry, spider_nest_entry_webs
Lair:5:   layout_regular_city, maelrawn_ghost_gauntlet_escape,
          lemuel_fruit_fields
Lair:6:   evil_forest, layout_hall_layers, minmay_slime_entry_oklob_open,
          lightli_volcano_entry_magma_tube, basic_altar, minivault_23,
          tgw_fedhas, infiniplex_staircase_pool_2
Swamp:1:  layout_falls_marsh, serial_swamp_ruin, evilmike_swamp_ruin_house_1,
          evilmike_swamp_ruin_house_5, swamp_pool2, beargit_elvish_explorers

Notes
Turn   | Place    | Note
-------+----------+-------------------------------------------
     0 | D:1      | Faeu the Minotaur Fighter began the quest for the Orb.
     0 | D:1      | Reached XP level 1. HP: 19/19 MP: 0/0
     0 | D:1      | magus.rc [v1.9.6]
    49 | D:1      | Reached XP level 2. HP: 27/27 MP: 1/1
   330 | D:1      | Found a faded altar of an unknown god.
   377 | D:1      | Reached skill level 1 in Dodging
   542 | D:1      | Reached XP level 3. HP: 33/33 MP: 2/2
   555 | D:1      | Reached skill level 4 in Armour
   571 | D:1      | Reached skill level 4 in Fighting
   571 | D:1      | Reached skill level 3 in Long Blades
   571 | D:1      | Reached skill level 4 in Shields
  1094 | D:2      | Reached XP level 4. HP: 40/40 MP: 3/3
  1157 | D:2      | You add the spells Sting, Poisonous Vapours and Olgreb's
                  | Toxic Radiance to your library.
  1532 | D:3      | Reached skill level 2 in Dodging
  1594 | D:3      | Reached XP level 5. HP: 47/47 MP: 4/4
  1961 | D:3      | Noticed Natasha
  1981 | D:3      | Killed Natasha
  1982 | D:3      | Reached skill level 4 in Long Blades
  2074 | D:3      | Noticed Natasha
  2085 | D:3      | Killed Natasha
  2119 | D:3      | Noticed Grinder
  2140 | D:3      | Killed Grinder
  2141 | D:3      | Reached skill level 5 in Fighting
  2141 | D:3      | Reached skill level 5 in Armour
  2141 | D:3      | Reached skill level 3 in Dodging
  2141 | D:3      | Reached skill level 5 in Shields
  2141 | D:3      | Reached XP level 6. HP: 51/56 MP: 5/5
  2418 | D:4      | Reached XP level 7. HP: 48/61 MP: 6/6
  2840 | D:4      | Reached skill level 5 in Long Blades
  3161 | D:4      | You pick up a book of Debilitation and begin reading...
  3161 | D:4      | You add the spells Slow, Vampiric Draining and Confusing
                  | Touch to your library.
  3297 | D:4      | Found Yburio's Antique Weapon Shop.
  3454 | D:4      | Reached skill level 6 in Armour
  3454 | D:4      | Reached skill level 4 in Dodging
  3468 | D:4      | Reached skill level 6 in Shields
  3698 | D:5      | Entered Level 5 of the Dungeon
  3716 | D:5      | Reached skill level 6 in Fighting
  3743 | D:5      | Found a staircase to the Ecumenical Temple.
  3745 | D:5      | You pick up a book of Spatial Translocations and begin
                  | reading...
  3745 | D:5      | You add the spells Blink, Lesser Beckoning and Manifold
                  | Assault to your library.
  3760 | Temple   | Entered the Ecumenical Temple
  3830 | Temple   | Became a worshipper of Hepliaklqana the Forgotten
  3898 | D:5      | Reached XP level 8. HP: 55/70 MP: 7/7
  4105 | D:5      | Found a shimmering blue altar of Sif Muna.
  4285 | D:5      | HP: 17/70 [poisoned by a water moccasin]
  4290 | D:5      | HP: 11/71 [poisoned by a water moccasin]
  4303 | D:5      | HP: 6/71 [centaur skeleton (3)]
  4765 | D:5      | Found a bloodstained altar of Trog.
  4781 | D:5      | Reached skill level 6 in Long Blades
  4790 | D:5      | Found a white marble altar of Elyvilon.
  5033 | D:6      | Reached skill level 5 in Dodging
  5082 | D:6      | Reached skill level 7 in Armour
  5132 | D:6      | Found Puil's Overcharged Wands.
  5148 | D:6      | Reached skill level 7 in Shields
  5152 | D:6      | Reached skill level 7 in Fighting
  5299 | D:6      | Reached * piety under Hepliaklqana
  5498 | D:6      | Reached XP level 9. HP: 67/71 MP: 8/8
  5839 | D:6      | Reached skill level 7 in Long Blades
  6006 | D:6      | Found a burning altar of Makhleb.
  6410 | D:8      | Reached skill level 6 in Dodging
  7059 | D:7      | Noticed Dowan
  7059 | D:7      | Noticed Duvessa
  7072 | D:7      | Killed Duvessa
  7073 | D:7      | Reached skill level 8 in Armour
  7088 | D:7      | Killed Dowan
  7089 | D:7      | Reached skill level 8 in Shields
  7194 | D:7      | You pick up a book of Misfortune and begin reading...
  7194 | D:7      | You add the spells Yara's Violent Unravelling and Enfeeble
                  | to your library.
  7238 | D:7      | Reached skill level 8 in Fighting
  7843 | D:8      | Reached ** piety under Hepliaklqana
  7844 | D:8      | Remembered your ancestor Cipactli as a hexer
  7865 | D:8      | Reached skill level 8 in Long Blades
  7896 | D:8      | Reached XP level 10. HP: 55/81 MP: 9/9
  7900 | D:8      | Reached skill level 7 in Dodging
  8136 | D:8      | Noticed Joseph
  8149 | D:8      | Killed Joseph
  8411 | D:9      | You pick up a book of Scorching and begin reading...
  8411 | D:9      | You add the spells Scorch, Flame Wave and Summon Cactus
                  | Giant to your library.
  8527 | D:9      | Reached skill level 9 in Armour
  8672 | D:9      | Reached skill level 9 in Fighting
  8672 | D:9      | Reached skill level 9 in Shields
  8822 | D:9      | Found an ancient bone altar of Kikubaaqudgha.
  8852 | D:9      | Found a broken altar of Ashenzari.
  9014 | D:9      | Noticed an oklob plant
  9389 | D:9      | Killed an oklob plant
  9515 | D:10     | Entered Level 10 of the Dungeon
  9519 | D:10     | Reached skill level 9 in Long Blades
  9619 | D:10     | Reached skill level 8 in Dodging
  9625 | D:10     | Found a staircase to the Lair.
  9748 | D:10     | Found a flagged portal.
  9757 | Bailey   | Entered a bailey
  9801 | Bailey   | Reached *** piety under Hepliaklqana
  9809 | Bailey   | Noticed an orc knight
  9817 | Bailey   | HP: 19/82 [orc knight/+0 trident (11)]
  9849 | Bailey   | Reached XP level 11. HP: 56/89 MP: 10/10
  9858 | Bailey   | Killed an orc knight
  9859 | Bailey   | Reached skill level 10 in Armour
  9902 | Bailey   | Reached skill level 10 in Shields
  9962 | Bailey   | Found a large runed translucent door.
  9962 | Bailey   | Found a large runed translucent door.
  9963 | Bailey   | Noticed a deep elf pyromancer
 10028 | Bailey   | Killed a deep elf pyromancer
 10029 | Bailey   | Reached skill level 10 in Fighting
 10045 | Bailey   | Identified the +0 scale mail of Duej Ess {rN+ rCorr}
 10702 | D:10     | Found a radiant altar of Vehumet.
 10707 | D:10     | Found a glowing silver altar of Zin.
 10712 | D:10     | Found a glowing golden altar of the Shining One.
 10862 | D:11     | Noticed a brown ugly thing
 10904 | D:11     | Noticed Nergalle
 10957 | D:11     | Noticed Sonja
 10973 | D:10     | Killed a brown ugly thing
 10974 | D:10     | Reached skill level 10 in Long Blades
 11026 | Lair:1   | Entered Level 1 of the Lair of Beasts
 11105 | Lair:1   | Reached skill level 9 in Dodging
 11426 | Lair:1   | Reached skill level 11 in Armour
 11433 | Lair:1   | Reached skill level 11 in Shields
 11434 | Lair:1   | Reached skill level 11 in Fighting
 11497 | Lair:1   | Reached XP level 12. HP: 95/99 MP: 11/11
 11535 | Lair:1   | You pick up a book of Iron and begin reading...
 11535 | Lair:1   | You add the spells Animate Armour, Blade Hands and Iron
                  | Shot to your library.
 11852 | Lair:1   | Found a blossoming altar of Fedhas.
 12068 | Lair:2   | Reached **** piety under Hepliaklqana
 12140 | Lair:2   | Reached skill level 11 in Long Blades
 12285 | Lair:2   | You add the spells Borgnjor's Revivification, Necromutation
                  | and Death's Door to your library.
 12309 | Lair:2   | You pick up a book of Cantrips and begin reading...
 12309 | Lair:2   | You add the spells Animate Skeleton, Summon Small Mammal
                  | and Apportation to your library.
 12435 | Lair:2   | Noticed a boulder beetle
 12475 | Lair:2   | Killed a boulder beetle
 12814 | Lair:2   | Reached skill level 10 in Dodging
 13217 | Lair:3   | Noticed Snorg
 13218 | Lair:3   | magus.rc [v1.9.6]
 13292 | Lair:3   | Noticed an eight-headed hydra
 13484 | Lair:3   | Killed a six-headed hydra
 13503 | Lair:3   | Reached ***** piety under Hepliaklqana
 13840 | Lair:4   | Reached skill level 12 in Armour
 14010 | Lair:4   | Reached skill level 12 in Shields
 14047 | Lair:4   | Reached skill level 12 in Fighting
 14100 | Lair:4   | Reached skill level 12 in Long Blades
 14191 | Lair:4   | Found a hole to the Spider Nest.
 14268 | Lair:4   | Noticed an eight-headed hydra
 14278 | Lair:4   | Killed a four-headed hydra
 14327 | Lair:4   | Noticed a five-headed hydra
 14334 | Lair:4   | Killed a two-headed hydra
 14343 | Lair:4   | Found a staircase to the Swamp.
 14356 | Swamp:1  | Entered Level 1 of the Swamp
 14369 | Swamp:1  | Noticed an eight-headed hydra
 14370 | Swamp:1  | Noticed an alligator
 14377 | Swamp:1  | Killed a five-headed hydra
 14379 | Swamp:1  | Killed an alligator
 14380 | Swamp:1  | Reached XP level 13. HP: 42/107 MP: 12/12
 14381 | Swamp:1  | HP: 20/107 [swamp worm (16)]
 14534 | Swamp:1  | Noticed a dire elephant
 14534 | Swamp:1  | Noticed a dire elephant
 15101 | Lair:5   | Noticed Bolunijamo's ghost (journeyman GnFi)
 15102 | Lair:5   | Noticed a minotaur
 15268 | Lair:5   | Reached skill level 13 in Armour
 15282 | Lair:5   | Reached skill level 13 in Fighting
 15293 | Lair:5   | Reached skill level 13 in Shields
 15498 | Lair:5   | Found a runed translucent gate.
 15498 | Lair:5   | Found a runed translucent gate.
 15498 | Lair:5   | Found a runed translucent gate.
 15521 | Lair:5   | Reached skill level 13 in Long Blades
 15691 | Lair:5   | You pick up a book of Lightning and begin reading...
 15691 | Lair:5   | You add the spells Static Discharge, Lightning Bolt and
                  | Maxwell's Capacitive Coupling to your library.
 16128 | Lair:6   | Entered Level 6 of the Lair of Beasts
 16272 | Lair:6   | Found a burning altar of Makhleb.
 16520 | Lair:6   | HP: 25/110 [basilisk (5)]
 16521 | Lair:6   | HP: 11/110 [seven-headed hydra (6)]
 16522 | Lair:6   | HP: 1/110 [seven-headed hydra (5)]
 16522 | Lair:6   | Slain by a seven-headed hydra

Vanquished Creatures
  4 hydras
  A boulder beetle (Lair:2)
  A death yak (Lair:6)
  An alligator (Swamp:1)
  A bog body (Swamp:1)
  An orc knight (Bailey)
  An oklob plant (D:9)
  An ugly thing (D:10)
  9 black mambas
  6 cane toads
  Joseph (D:8)
  A gargoyle (D:10)
  A torpor snail (Lair:6)
  4 komodo dragons
  2 rime drakes
  Grinder (D:3)
  A troll (D:9)
  4 polar bears
  2 dream sheep (Lair:4)
  21 blink frogs
  A spriggan (Swamp:1)
  32 yaks
  A shadow (D:9)
  4 wyverns
  3 vampire mosquitoes (D:10)
  2 redbacks (Lair:4)
  10 water moccasins
  3 swamp worms
  An acid dragon (D:9)
  5 black bears
  Duvessa (D:7)
  3 sky beasts (D:6)
  5 orc warriors
  2 ice beasts
  2 ogres
  14 wolves
  2 centaurs (D:9)
  2 phantoms (D:5)
  8 bullfrogs
  2 scorpions (D:6)
  2 gnoll sergeants
  A wyvern skeleton (D:6)
  A water moccasin skeleton (D:4)
  4 killer bees (D:10)
  2 wights (D:8)
  An electric eel (Lair:4)
  A howler monkey (D:6)
  A bullfrog zombie (D:3)
  2 centaur zombies
  6 hounds
  6 jellies
  A centaur skeleton (D:5)
  4 orc priests
  A bullfrog skeleton (D:6)
  4 iguanas
  Natasha (twice) (D:3)
  5 orc wizards
  A killer bee zombie (D:6)
  12 gnolls
  7 adders
  An adder skeleton (D:4)
  2 dart slugs
  17 orcs
  4 ball pythons
  10 bats
  18 endoplasms
  8 giant cockroaches
  4 goblins (D:1)
  13 hobgoblins
  7 kobolds
  2 quokkas
  3 frilled lizards
  6 rats
326 creatures vanquished.

Vanquished Creatures (collateral kills)
  2 hydras
  A catoblepas (Lair:4)
  A spriggan druid (Swamp:1)
  A bog body (Swamp:1)
  A deep elf pyromancer (Bailey)
  3 black mambas
  4 cane toads
  2 rime drakes
  A polar bear (Lair:3)
  9 blink frogs
  3 dream sheep (Lair:4)
  6 yaks
  A basilisk (Lair:4)
  A steam dragon (D:8)
  A swamp worm (Lair:4)
  2 water moccasins
  3 orc warriors (Bailey)
  A black bear (D:10)
  A wolf (Lair:5)
  A centaur (D:10)
  3 bullfrogs
  Dowan (D:7)
  2 killer bees (D:10)
  A wight (D:7)
  2 electric eels
  An orc wizard (D:9)
  A gnoll (D:10)
  An orc (D:9)
  A butterfly (Lair:5)
58 creatures vanquished.

Vanquished Creatures (others)
  11 hexers
  An ancestor (D:6)
  2 orcs
  A bush (Lair:5)
  46 fungi
  55 plants
116 creatures vanquished.

Grand Total: 500 creatures vanquished

Table legend:
 A = Non-vault XP
 B = Vault XP
 C = Vault XP percentage of total XP
 D = Non-vault monster count
 E = Vault monster count
 F = Vault count percentage of total count
                 A         B        C        D         E       F
            +---------+---------+-------+---------+---------+-------
      Total |   47696 |   12706 |  21.0 |     307 |      76 |  19.8
            +---------+---------+-------+---------+---------+-------
        D:1 |      69 |      10 |  12.7 |      34 |       5 |  12.8
        D:2 |      20 |      18 |  47.4 |       5 |       2 |  28.6
        D:3 |     224 |     348 |  60.8 |      20 |       2 |   9.1
        D:4 |     481 |     127 |  20.9 |      28 |       4 |  12.5
        D:5 |     559 |     140 |  20.0 |      10 |       2 |  16.7
        D:6 |    1609 |       0 |   0.0 |      21 |       0 |   0.0
        D:7 |     630 |     204 |  24.5 |       7 |       2 |  22.2
        D:8 |    1839 |     407 |  18.1 |      12 |       1 |   7.7
        D:9 |    1145 |     989 |  46.3 |       9 |      21 |  70.0
       D:10 |    3913 |    1007 |  20.5 |      25 |       7 |  21.9
     Lair:1 |    6467 |       0 |   0.0 |      28 |       0 |   0.0
     Lair:2 |    4749 |       0 |   0.0 |      19 |       0 |   0.0
     Lair:3 |    2177 |       0 |   0.0 |       7 |       0 |   0.0
     Lair:4 |    4804 |    2834 |  37.1 |      15 |       8 |  34.8
     Lair:5 |    9390 |       0 |   0.0 |      42 |       0 |   0.0
     Lair:6 |    5275 |    4562 |  46.4 |      17 |       9 |  34.6
    Swamp:1 |    4345 |       0 |   0.0 |       8 |       0 |   0.0
     Bailey |       0 |    2060 | 100.0 |       0 |      13 | 100.0
            +---------+---------+-------+---------+---------+-------

Illustrated notes

Table legend:
 A = Kills in this place as a percentage of kills in entire the game.
 B = Kills by you in this place as a percentage of kills by you in the entire game.
 C = Kills by friends in this place as a percentage of kills by friends in the entire game.
 D = Other kills in this place as a percentage of other kills in the entire game.
 E = Experience gained in this place as a percentage of experience gained in the entire game.
 F = Experience gained in this place divided by the number of levels of this place that you have seen.
                   A       B       C       D       E      F
               +-------+-------+-------+-------+-------+----------------------
         Total | 100.0 | 100.0 | 100.0 | 100.0 | 100.0 | 3020.1
       Dungeon |  56.7 |  61.8 |  28.1 |   0.0 |  22.7 | 1249.0
          Lair |  37.9 |  33.5 |  61.4 | 100.0 |  66.7 | 6709.7
         Swamp |   2.1 |   1.8 |   3.5 |   0.0 |   7.2 | 4345.0
        Bailey |   3.4 |   2.8 |   7.0 |   0.0 |   3.4 | 2060.0
               +-------+-------+-------+-------+-------+----------------------

Table legend: (Time is in decaauts)
 A = Elapsed time spent in this place.
 B = Non-inter-level travel time spent in this place.
 C = Inter-level travel time spent in this place.
 D = Time resting spent in this place.
 E = Time spent auto-exploring this place.
 F = Levels seen in this place.
 G = Mean time per level.
                   A        B        C        D        E       F      G
               +--------+--------+--------+--------+--------+-----+--------+
         Total |  16475 |  15986 |    489 |   1153 |   8306 |  20 |  823.8 |
       Dungeon |  10660 |  10322 |    338 |    901 |   6569 |  11 |  969.1 |
        Temple |     79 |     79 |      0 |      0 |     36 |   1 |   79.0 |
          Lair |   5169 |   5018 |    151 |    252 |   1601 |   6 |  861.5 |
         Swamp |    130 |    130 |      0 |      0 |      0 |   1 |  130.0 |
        Bailey |    435 |    435 |      0 |      0 |     99 |   1 |  435.0 |
               +--------+--------+--------+--------+--------+-----+--------+

Top non-repeatable levels by time:
     D:4: 1605 daAuts
     D:6: 1452 daAuts
     D:9: 1240 daAuts
     D:7: 1223 daAuts
  Lair:4: 1164 daAuts
    D:10: 1126 daAuts
  Lair:5: 1087 daAuts
     D:1: 1041 daAuts
  Lair:2: 1004 daAuts
     D:3: 929 daAuts
  Lair:1: 889 daAuts
     D:5: 847 daAuts
     D:8: 756 daAuts
  Lair:3: 684 daAuts
  Bailey: 435 daAuts
